 Dungeon Crawl Stone Soup version 0.22-a0-542-gce4f928 (webtiles) character file.

88 kae the Insei (level 4, -1/36 HPs)
             Began as a Demonspawn Transmuter on June 24, 2018.
             Slain by Grinder (9 damage)
             ... on level 3 of the Dungeon.
             The game lasted 00:02:41 (3201 turns).

kae the Insei (Demonspawn Transmuter)               Turns: 3201, Time: 00:02:42

Health: -1/36      AC:  2    Str: 12    XL:     4   Next: 30%
Magic:  0/7        EV: 12    Int: 20    God:
Gold:   158        SH:  0    Dex: 14    Spells: 1/7 levels left

rFire    . . .     SeeInvis .     - Unarmed
rCold    . . .     Gourm    .   (no shield)
rNeg     . . .     Faith    .   b - +0 robe
rPois    .         Spirit   +   (helmet restricted)
rElec    .         Reflect  .   (no cloak)
rCorr    .         Harm     .   (no gloves)
MR       .....                  (no boots)
Stlth    +.........             (no amulet)
HPRegen  0.12/turn              (no ring)
MPRegen  0.10/turn              (no ring)

@: brilliant
A: horns 1, robust 1, strong 1, magic shield
a: no special abilities


You were on level 3 of the Dungeon.
You were hungry.

You visited 1 branch of the dungeon, and saw 3 of its levels.

You collected 158 gold pieces.

Inventory:

Missiles
 a - 30 arrows
Armour
 b - a +0 robe (worn)
Jewellery
 f - an uncursed ring of fire {unknown}
Scrolls
 c - 4 scrolls of identify {unknown}
 g - a scroll of immolation {unknown}
 h - a scroll of magic mapping {unknown}
 i - a scroll of remove curse {unknown}
Comestibles
 d - 8 rations


   Skills:
 + Level 1.7 Fighting
 - Level 1.7 Dodging
 * Level 3.5 Unarmed Combat
 + Level 2.4 Spellcasting
 * Level 2.8 Transmutations


You had one spell level left.
You knew the following spells:

 Your Spells              Type           Power        Failure   Level  Hunger
a - Beastly Appendage     Tmut           ####..       1%          1    #......
b - Sticks to Snakes      Tmut           ####....     1%          2    ##.....
c - Spider Form           Tmut/Pois      ###.......   3%          3    ###....

Your spell library contained the following spells:

 Spells                   Type           Power        Failure   Level  Hunger
 Blade Hands              Tmut           ####......   14%         5    ######.
 Ice Form                 Ice/Tmut       ###.....     10%         4    #####..


Dungeon Overview and Level Annotations

Branches:
Dungeon (3/15)

Altars:

Annotations:
D:3 Grinder


Innate Abilities, Weirdness & Mutations

You have a pair of small horns on your head.
When hurt, damage is shared between your health and your magic reserves.
You are robust. (+10% HP)
Your muscles are strong. (Str +2)


Message History

Confirm with . or Enter, or press ? or * to list all spells.
You create a snake!
You now have 30 arrows.
Grinder hits you.
You writhe in agony.
Your ball python misses Grinder.
Your ball python completely misses Grinder.
Your ball python barely misses Grinder.
Your ball python grabs Grinder.
Your ball python constricts Grinder.
You barely miss Grinder. Grinder hits you.
You writhe in agony.
Your ball python bites Grinder but does no damage. x2
Your ball python constricts Grinder.
You hit Grinder.
Grinder is lightly wounded.
Grinder hits you. The gnoll hits you with a club!
* * * LOW HITPOINT WARNING * * *
Your ball python bites Grinder.
Your ball python bites Grinder but does no damage.
Your ball python constricts Grinder.
You barely miss Grinder. You headbutt Grinder.
Grinder is lightly wounded.
Your ball python bites Grinder.
Grinder hits you!
You die...

#.....######.... #.....#
#.... #....[# #....
###########......# #)...
......<.....###### #....
####..#....## ##..#
........##.## #.##
....##....S.## ####.#
#.. #.##S@S.#### #....#
#. #. ##5g[...# #....# #
#. #.###### #....# .###.
#.# #..).#
.....###.###### #....#
#.....).....#####....#
.......######.)......>.#
##.##.. ##......#### #.$
#..######


You could see Grinder, a gnoll and 3 friendly ball pythons.

Vanquished Creatures
  A gnoll (D:3)
  3 adders
  An ooze (D:1)
  A worm (D:2)
  A dart slug (D:1)
  4 giant cockroaches
  5 goblins
  2 hobgoblins
  3 jackals (D:1)
  A quokka (D:2)
  3 bats
  4 frilled lizards
  9 kobolds
  8 rats
46 creatures vanquished.

Notes
Turn   | Place    | Note
-------+----------+-------------------------------------------
     0 | D:1      | kae the Demonspawn Transmuter began the quest for the Orb.
     0 | D:1      | Reached XP level 1. HP: 15/15 MP: 3/3
   315 | D:1      | Mutation became permanent: You have a pair of small horns on your head. [demonic ancestry]
   315 | D:1      | Gained mutation: You have a pair of horns on your head. [demonic ancestry]
   315 | D:1      | Reached XP level 2. HP: 10/21 MP: 3/5
   897 | D:1      | Reached skill level 3 in Unarmed Combat
  1439 | D:2      | Reached XP level 3. HP: 25/26 MP: 4/6
  1931 | D:2      | Learned a level 2 spell: Sticks to Snakes
  1935 | D:2      | Learned a level 3 spell: Spider Form
  2504 | D:2      | Gained mutation: When hurt, damage is shared between your health and your magic reserves. [demonic ancestry]
  2504 | D:2      | Reached XP level 4. HP: 27/32 MP: 5/7
  2718 | D:3      | Noticed Grinder
  3196 | D:3      | Gained mutation: You are robust. (+10% HP) [potion of mutation]
  3196 | D:3      | Gained mutation: Your muscles are strong. (Str +2) [potion of mutation]
  3201 | D:3      | Slain by Grinder

Vault maps used:
D:1:      eino_arrival_water_cross
D:2:      first_ration
D:3:      ebering_ghost_inner_flame, minivault_14, uniq_grinder

Skill      XL: |  1  2 |
---------------+-------+-----
Transmutations | 2 |  2.8
Unarmed Combat | 3 |  3.5
Fighting       | |  1.7
Dodging        | |  1.7
Spellcasting   | |  2.4

Action                   |  1- 3 |  4- 6 || total
-------------------------+-------+-------++-------
Melee: Unarmed           |   132 |    19 ||   151
       Kick              |    25 |     1 ||    26
       Headbutt          |    15 |     3 ||    18
       Punch             |     1 |       ||     1
 Cast: Beastly Appendage |    20 |     1 ||    21
       Sticks to Snakes  |       |     5 ||     5
  Use: Potion            |     1 |     2 ||     3
 Stab: Sleeping          |     1 |       ||     1
  Eat: Chunk             |     5 |     2 ||     7
Armor: Robe              |    19 |     2 ||    21
Dodge: Dodged            |    88 |    10 ||    98

Table legend:
 A = Spawn XP
 B = Non-spawn XP
 C = Spawn XP percentage of total XP
 D = Spawn monster count
 E = Non-spawn monster count
 F = Spawn count percentage of total count
 G = Total turns spent on level
                    A         B        C        D         E        F      G
               +---------+---------+-------+---------+---------+-------+---------
         Total |       0 |     127 |   0.0 |       0 |      46 |   0.0 |  3201
               +---------+---------+-------+---------+---------+-------+---------
           D:1 |       0 |      38 |   0.0 |       0 |      20 |   0.0 |  1422
           D:2 |       0 |      61 |   0.0 |       0 |      22 |   0.0 |  1327
           D:3 |       0 |      28 |   0.0 |       0 |       4 |   0.0 |   452
               +---------+---------+-------+---------+---------+-------+---------
